 Dungeon Crawl Stone Soup version 0.26.1-2-gb8aa6d0cf2 (webtiles) character file.

Game seed: 10870739125181044652

689 jlumianski the Grasshopper (level 7, -6/56 HPs)
             Began as a Gnoll Warper on Mar 22, 2021.
             Killed by divine providence
             ... invoked by an orc priest
              (13 damage)
             ... on level 6 of the Dungeon.
             The game lasted 00:21:39 (5201 turns).

jlumianski the Grasshopper (Gnoll Warper)           Turns: 5201, Time: 00:21:40

Health: -6/56      AC:  9    Str: 14    XL:     7   Next: 63%
Magic:  15/15      EV: 13    Int: 17    God:
Gold:   262        SH:  0    Dex: 14    Spells: 9/17 levels left

rFire    . . .     SeeInvis .   H - +8 rapier of Seth {vorpal, +Fly rElec}
rCold    + . .     Faith    .   (no shield)
rNeg     . . .     Spirit   .   l - +0 ring mail
rPois    .         Reflect  .   (no helmet)
rElec    +         Harm     .   (no cloak)
rCorr    .         Rampage  .   p - +2 pair of gloves
Will     .....                  (no boots)
Stlth    +.........             (no amulet)
HPRegen  0.18/turn              h - ring of protection from cold
MPRegen  0.14/turn              y - ring of wizardry

@: about to teleport
A: distributed training, fangs 1, strong nose
a: Evoke Flight


You were on level 6 of the Dungeon.
You visited 1 branch of the dungeon, and saw 6 of its levels.

You collected 262 gold pieces.

Inventory:

Hand Weapons
 a - a +0 hand axe
 n - a +0 dagger of venom
 q - a +2 flail of protection
 r - a +0 fustibalus
 x - a +0 war axe
 D - a +0 shortbow
 G - a +1 antimagic quarterstaff
 H - the +8 rapier of Seth (weapon) {vorpal, +Fly rElec}
   (You found it on level 5 of the Dungeon)

   It inflicts extra damage upon your enemies.
   It insulates you from electricity.
   It lets you fly.
 J - a cursed -2 mace
Missiles
 e - 5 boomerangs of dispersal
 f - 165 stones
 E - 38 arrows
 F - 8 javelins (quivered)
 K - 15 sling bullets
 L - 13 bolts
Armour
 b - a +0 leather armour
 l - a +0 ring mail (worn)
 p - a +2 pair of gloves (worn)
Jewellery
 h - a ring of protection from cold (left hand)
 o - a cursed -4 ring of slaying
 s - an uncursed amulet of faith
 u - an uncursed amulet of regeneration
 y - a ring of wizardry (right hand)
 A - an uncursed amulet of reflection
Scrolls
 c - 2 scrolls of remove curse
 d - 6 scrolls of blinking
 g - a scroll of teleportation
 i - 2 scrolls of identify
 B - 2 scrolls of amnesia
 I - a scroll of magic mapping
Potions
 j - a potion of degeneration {unknown}
 k - a potion of haste {unknown}
 m - a potion of mutation {unknown}
 t - 2 potions of flight
 v - a potion of might {unknown}
 w - a potion of heal wounds {unknown}
 C - 3 potions of attraction {unknown}


   Skills:
 + Level 5.3 Fighting
 + Level 2.6 Short Blades
 + Level 2.6 Long Blades
 + Level 5.3 Axes
 + Level 2.6 Maces & Flails
 + Level 2.6 Polearms
 + Level 2.6 Staves
 + Level 2.6 Slings
 + Level 2.6 Bows
 + Level 2.6 Crossbows
 + Level 3.7 Throwing
 + Level 3.7 Armour
 + Level 5.3 Dodging
 + Level 2.6 Stealth
 + Level 2.6 Shields
 + Level 2.6 Unarmed Combat
 + Level 5.7 Spellcasting
 + Level 2.1 Conjurations
 + Level 2.1 Hexes
 + Level 2.1 Summonings
 + Level 2.1 Necromancy
 + Level 5.9 Translocations
 + Level 2.1 Transmutations
 + Level 2.1 Fire Magic
 + Level 2.1 Ice Magic
 + Level 2.1 Air Magic
 + Level 2.1 Earth Magic
 + Level 2.1 Poison Magic
 + Level 2.9 Invocations
 + Level 2.6 Evocations


You had 9 spell levels left.
You knew the following spells:

 Your Spells              Type           Power        Failure   Level
a - Blink                 Tloc           N/A          1%          2
b - Gell's Gravitas       Tloc           12%          2%          3
c - Teleport Other        Tloc           24%          2%          3

Your spell library contained the following spells:

 Spells                   Type           Power        Failure   Level
 Lesser Beckoning         Tloc           12%          2%          3
 Passage of Golubria      Tloc           N/A          9%          4


Dungeon Overview and Level Annotations

Branches:
Dungeon (6/15)
 Temple: D:4-7

Altars:
Nemelex Xobeh
Qazlal
Zin
The Shining One

Shops:
D:4 }

Annotations:
D:4 1 runed translucent door, Alvadar's ghost, amateur DEIE


Innate Abilities, Weirdness & Mutations

Your experience applies equally to all skills.
You have very sharp teeth.
Your uncanny sense of smell can sniff out nearby items.


Message History

The orc wizard casts a spell at you. The puff of flame hits you.
* * * LOW HITPOINT WARNING * * *
You feel better.
The orc wizard points at you and mumbles some strange words.
The magic dart hits you.
* * * LOW HITPOINT WARNING * * *
The orc hits you but does no damage. The orc closely misses you.
The orc priest closely misses you.
The orc wizard hits you with a +0 dagger.
* * * LOW HITPOINT WARNING * * *
As you read the scroll of teleportation, it crumbles to dust.
You feel strangely unstable. The orc hits you but does no damage.
The orc wizard points at you and mumbles some strange words.
The puff of frost hits you. You resist.
* * * LOW HITPOINT WARNING * * *
The orc priest mumbles some strange prayers to Beogh against you.
Beogh smites you!
You die...

#.........###.#....###.##
#.........###.......#.######
#..#.......................#
#..#......####.....#.##.##.#
##..#....#.....[....#.##.##.#
#.......###..ooO....#....##.#
#...⌠..##_##..oo....#.##.##.#
#.......'##..............##.#
#....PP..#...@o....##..###..#
##...≈≈............###.'_####
##..PP....#.......# #####
##....####.......# #...#
###.## ######### #.### #.#
#.# #.# ######### #.# ##.##
#.......###<# ##...##
#.##........#


You could see a two-headed ogre, an orc priest, an orc wizard (fast) and 3 orcs.

Vanquished Creatures
  A sky beast (D:4)
  A centaur (D:6)
  A bullfrog (D:6)
  A howler monkey (D:5)
  A hound (D:5)
  A quasit (D:5)
  3 bullfrog skeletons
  Terence (D:2)
  An iguana (D:5)
  3 worker ants
  4 gnolls (D:1)
  4 adders
  A white imp (D:4)
  An ufetubus (D:6)
  A worm (D:2)
  2 dart slugs
  3 leopard geckos
  An orc (D:3)
  A giant cockroach (D:1)
  2 goblins
  5 hobgoblins
  8 jackals
  3 quokkas
  2 bats
  5 frilled lizards
  A jackal zombie (D:5)
  9 kobolds
  5 rats
72 creatures vanquished.

Vanquished Creatures (others)
  2 plants (D:2)
2 creatures vanquished.

Grand Total: 74 creatures vanquished

Notes
Turn   | Place    | Note
-------+----------+-------------------------------------------
     0 | D:1      | jlumianski the Gnoll Warper began the quest for the Orb.
     0 | D:1      | Reached XP level 1. HP: 20/20 MP: 6/6
   117 | D:1      | Reached XP level 2. HP: 26/26 MP: 7/7
   200 | D:1      | Learned a level 2 spell: Blink
   484 | D:1      | Reached skill level 5 in Spellcasting
   484 | D:1      | Reached XP level 3. HP: 13/31 MP: 5/9
   503 | D:1      | Reached skill level 1 in Invocations
   729 | D:1      | Reached skill level 1 in Short Blades
   729 | D:1      | Reached skill level 1 in Long Blades
   729 | D:1      | Reached skill level 1 in Maces & Flails
   729 | D:1      | Reached skill level 1 in Polearms
   729 | D:1      | Reached skill level 1 in Staves
   729 | D:1      | Reached skill level 1 in Slings
   729 | D:1      | Reached skill level 1 in Bows
   729 | D:1      | Reached skill level 1 in Crossbows
   729 | D:1      | Reached skill level 1 in Stealth
   729 | D:1      | Reached skill level 1 in Shields
   729 | D:1      | Reached skill level 1 in Unarmed Combat
   729 | D:1      | Reached skill level 1 in Evocations
  1002 | D:2      | Reached XP level 4. HP: 30/38 MP: 11/11
  1007 | D:2      | Learned a level 3 spell: Gell's Gravitas
  1011 | D:2      | Learned a level 3 spell: Teleport Other
  2192 | D:3      | Noticed Terence
  2207 | D:2      | Killed Terence
  2208 | D:2      | Reached skill level 1 in Conjurations
  2208 | D:2      | Reached skill level 1 in Hexes
  2208 | D:2      | Reached skill level 1 in Summonings
  2208 | D:2      | Reached skill level 1 in Necromancy
  2208 | D:2      | Reached skill level 1 in Transmutations
  2208 | D:2      | Reached skill level 1 in Fire Magic
  2208 | D:2      | Reached skill level 1 in Ice Magic
  2208 | D:2      | Reached skill level 1 in Air Magic
  2208 | D:2      | Reached skill level 1 in Earth Magic
  2208 | D:2      | Reached skill level 1 in Poison Magic
  2650 | D:3      | Reached XP level 5. HP: 43/43 MP: 12/12
  3113 | D:3      | Found a glowing silver altar of Zin.
  3189 | D:4      | Found a runed translucent door.
  3189 | D:4      | Noticed Alvadar's ghost (amateur DEIE)
  3424 | D:5      | Entered Level 5 of the Dungeon
  3433 | D:5      | Noticed a sky beast
  3463 | D:4      | Killed a sky beast
  3464 | D:4      | Reached XP level 6. HP: 38/50 MP: 13/13
  3688 | D:4      | Found Hatyfoh's Gadget Shop.
  3792 | D:4      | Reached skill level 5 in Fighting
  3792 | D:4      | Reached skill level 5 in Axes
  3792 | D:4      | Reached skill level 5 in Dodging
  3814 | D:4      | Found a sparkling altar of Nemelex Xobeh.
  4495 | D:6      | Reached XP level 7. HP: 40/56 MP: 15/15
  4622 | D:5      | Got a bloodstained rapier
  4623 | D:5      | Identified the +8 rapier of Seth {vorpal, +Fly rElec} (You
                  | found it on level 5 of the Dungeon)
  5015 | D:6      | Found a glowing golden altar of the Shining One.
  5066 | D:6      | Found a stormy altar of Qazlal.
  5110 | D:6      | Noticed a two-headed ogre
  5201 | D:6      | Killed from afar by an orc priest

Illustrated notes

Levels and vault maps discovered:
D:1:      zaba_arrival_water, layout_rooms
D:2:      layout_loops_corners, serial_forest, infiniplex_forest_clump_double,
          infiniplex_forest_clump_curved, infiniplex_forest_clump_medium,
          infiniplex_forest_lined_3
D:3:      layout_loops_corners, zin_treasury, uniq_terence
D:4:      layout_loops_corners, lemuel_coloured_pillars_altar,
          hellmonk_ghost_happy_afterlife, serial_shops, shop
D:5:      layout_rooms
D:6:      layout_loops_cross, tso_oasis_becter, kennysheep_mini,
          gammafunk_ghost_smash

Skill      XL: |  1  2  3  4  5  6  7 |
---------------+----------------------+-----
Spellcasting   | 5 |  5.7
Invocations    | 1 2 |  2.9
Short Blades   | 1 2 |  2.6
Long Blades    | 1 2 |  2.6
Maces & Flails | 1 2 |  2.6
Polearms       | 1 2 |  2.6
Staves         | 1 2 |  2.6
Slings         | 1 2 |  2.6
Bows           | 1 2 |  2.6
Crossbows      | 1 2 |  2.6
Stealth        | 1 2 |  2.6
Shields        | 1 2 |  2.6
Unarmed Combat | 1 2 |  2.6
Evocations     | 1 2 |  2.6
Conjurations   | 1 2 |  2.1
Hexes          | 1 2 |  2.1
Summonings     | 1 2 |  2.1
Necromancy     | 1 2 |  2.1
Transmutations | 1 2 |  2.1
Fire Magic     | 1 2 |  2.1
Ice Magic      | 1 2 |  2.1
Air Magic      | 1 2 |  2.1
Earth Magic    | 1 2 |  2.1
Poison Magic   | 1 2 |  2.1
Throwing       | 3 |  3.7
Armour         | 3 |  3.7
Fighting       | 5 |  5.3
Axes           | 5 |  5.3
Dodging        | 5 |  5.3
Translocations | |  5.9

Action                   |  1- 3 |  4- 6 |  7- 9 || total
-------------------------+-------+-------+-------++-------
Melee: Hand axe          |    19 |       |       ||    19
       Bite              |     7 |    17 |     5 ||    29
       Dagger            |    34 |   149 |    14 ||   197
       Flail             |       |    15 |       ||    15
       Punch             |       |     2 |       ||     2
       War axe           |       |     5 |       ||     5
       Rapier            |       |       |    23 ||    23
 Fire: Fustibalus        |       |     3 |       ||     3
       Shortbow          |       |       |     2 ||     2
Throw: Stone             |    19 |    37 |       ||    56
 Cast: Blink             |     2 |     1 |     3 ||     6
  Use: Scroll            |     6 |     6 |     6 ||    18
       Potion            |       |     2 |     1 ||     3
Armor: Leather armour    |     1 |       |       ||     1
       Ring mail         |    13 |    59 |    22 ||    94
Dodge: Dodged            |    25 |   102 |    33 ||   160
